 Dungeon Crawl Stone Soup version 0.28-a0-863-g8cecda6153 (webtiles) character file.

Game seed: 1158978058242307115

71 ders the Digger (level 4, -4/24 HPs)
             Began as a Gargoyle Earth Elementalist on Nov 17, 2021.
             Slain by Sigmund (11 damage)
             ... on level 3 of the Dungeon on Nov 18, 2021.
             The game lasted 00:08:22 (2847 turns).

ders the Digger (Gargoyle Earth Elementalist)       Turns: 2847, Time: 00:08:23

Health: -4/24      AC:  5    Str: 12    XL:     4   Next: 24%
Magic:  0/7        EV: 11    Int: 16    God:
Gold:   54         SH:  0    Dex: 10    Spells: 4/8 levels left

rFire   . . .      SeeInvis .   h - staff of death
rCold   . . .      Faith    .   (no shield)
rNeg    + + .      Spirit   .   b - +0 robe
rPois   ∞          Reflect  .   (no helmet)
rElec   +          Harm     .   (no cloak)
rCorr   .          Rampage  .   (no gloves)
Will    .....                   (no boots)
Stlth   ++........              (no amulet)
HPRegen 0.08/turn               (no ring)
MPRegen 0.10/turn               (no ring)

@: very slightly contaminated
A: sickness immunity, AC +3, negative energy resistance 1, electricity
resistance, torment resistance 1, petrification resistance
a: no special abilities


You were on level 3 of the Dungeon.
You visited 1 branch of the dungeon, and saw 3 of its levels.

You collected 54 gold pieces.

Inventory:

Missiles
 d - 9 stones
Armour
 b - a +0 robe (worn)
Magical Staves
 h - a staff of death (weapon)
Jewellery
 j - a ring of protection from fire
Scrolls
 a - a scroll of enchant weapon
 f - 2 scrolls of identify
 g - 2 scrolls of magic mapping {unknown}
Potions
 c - a potion of curing
 i - a potion of lignification


   Skills:
 - Level 1.5 Dodging
 - Level 2.1 Stealth
 + Level 2.6 Spellcasting
 * Level 2.9 Conjurations
 + Level 1.5 Transmutations
 - Level 3.6 Earth Magic


You had 4 spell levels left.
You knew the following spells:

 Your Spells              Type           Power      Damage    Failure   Level
a - Sandblast             Erth           26%        2d8       4%          1
b - Stone Arrow           Conj/Erth      24%        3d8       16%         3

Your spell library contained the following spells:

 Spells                   Type           Power      Damage    Failure   Level
 Passwall                 Tmut/Erth      8%         N/A       10%         2
 Freeze                   Ice            8%         1d3       21%         1
 Frozen Ramparts          Ice            4%         1d2       52%         3
 Petrify                  Tmut/Erth      10%        N/A       54%         4
 Hailstorm                Conj/Ice       6%         3d4       71%         4


Dungeon Overview and Level Annotations

Branches:
Dungeon (3/15)

Altars:

Annotations:
D:3 1 runed translucent door, Crazy Yiuf, Sigmund


Innate Abilities, Weirdness & Mutations

You are immune to sickness and miasma.
Your stone body is resilient. (AC +3)
You are immune to poison.
You resist negative energy. (rN+)
You are resistant to electric shocks. (rElec)
You are resistant to unholy torment.
You are immune to petrification.


Message History

Sigmund casts a spell at you. You resist with some effort.
You barely miss Sigmund.
Sigmund is moderately wounded.
Sigmund hits you with a +0 scythe!
* * * LOW HITPOINT WARNING * * *
Sigmund hits you from afar with a +0 scythe.
* * * LOW HITPOINT WARNING * * *
Casting: Stone Arrow (quite dangerous; 16% risk of failure)
Confirm with . or Enter, or press ? or * to list all spells.
Aiming: Sandblast (safe; 4% risk of failure)
Press: ? - help, Shift-Dir - straight line, f/p - Sigmund
Aim: Sigmund, wielding a +0 scythe and wearing a +0 robe (moderately wounded, 77% to hit)
The blast of sand hits Sigmund!
Sigmund is almost dead.
Unknown command.
Sigmund gestures at you while chanting. You resist with some effort.
Okay, then.
Okay, then.
It was a potion of curing.
You feel better.
Sigmund casts a spell.
Sigmund flickers and vanishes!
Deactivating autopickup; reactivate with Ctrl-A.
A puff of flame appears from out of thin air!
The puff of flame hits you!
* * * LOW HITPOINT WARNING * * *
You feel better.
Casting: Sandblast (safe; 4% risk of failure)
Confirm with . or Enter, or press ? or * to list all spells.
You can't see any susceptible monsters within range! (Use Z to cast anyway.) Unknown command.
Casting: Sandblast (safe; 4% risk of failure)
Confirm with . or Enter, or press ? or * to list all spells.
Aiming: Sandblast (safe; 4% risk of failure)
Press: ? - help, Shift-Dir - straight line You miscast Sandblast.
You are very lightly contaminated with residual magic.
Nothing appears to happen.
Something hits you!
You die...

#.# #.# #.#
#.# #
#.#######.#
#.........#
#####{.####
#..####
#@....#
##########
#..##.#
.........#
#..##.##
########.#
#......#
#.#
#.###..#
#.# #.# .#
#.# #.#
#..# #.#
#.# #..#
#.#######.#
#..#


There were no monsters in sight!

Vanquished Creatures
  Terence (D:3)
  A dart slug (D:3)
  6 bats
  A bat skeleton (D:2)
  An endoplasm (D:3)
  A giant cockroach (D:1)
  6 goblins
  5 hobgoblins
  3 jackals (D:2)
  A quokka (D:3)
  2 ball pythons
  2 ball python skeletons (D:2)
  3 frilled lizards
  A giant cockroach zombie (D:2)
  A jackal zombie (D:2)
  3 kobolds
  2 quokka skeletons (D:2)
  4 rats
44 creatures vanquished.

Notes
Turn   | Place    | Note
-------+----------+-------------------------------------------
     0 | D:1      | ders the Gargoyle Earth Elementalist began the quest for
                  | the Orb.
     0 | D:1      | Reached XP level 1. HP: 10/10 MP: 3/3
   360 | D:1      | Found a faded altar of an unknown god.
   468 | D:1      | Reached skill level 1 in Conjurations
   468 | D:1      | Reached skill level 1 in Transmutations
   648 | D:1      | Reached XP level 2. HP: 15/15 MP: 1/5
  1407 | D:2      | Reached XP level 3. HP: 19/19 MP: 3/6
  1411 | D:2      | Learned a level 3 spell: Stone Arrow
  2254 | D:3      | Found a runed translucent door.
  2255 | D:3      | Noticed Crazy Yiuf
  2415 | D:3      | Noticed Sigmund
  2415 | D:3      | Noticed Terence
  2418 | D:3      | Killed Terence
  2419 | D:3      | Reached XP level 4. HP: 24/24 MP: 0/7
  2829 | D:3      | HP: 1/24 [Sigmund (3)]
  2845 | D:3      | HP: 1/24 [something/puff of flame (7)]
  2847 | D:3      | Slain by Sigmund

Illustrated notes

Levels and vault maps discovered:
D:1:      mainiacjoe_arrival_reflecting_pool, layout_basic,
          shapermc_ecumenical_altar_notcrosses, corexii_leaking_fountain,
          moated_statue
D:2:      layout_basic, serial_undead, serial_undead_f, serial_undead_c,
          serial_undead_f, serial_undead_c, serial_undead_d, serial_undead_a,
          serial_undead_c, serial_undead_a, serial_undead_e, serial_undead_c,
          grunt_ministairs_12, minmay_strange_pillars
D:3:      layout_loops_ring, uniq_crazy_yiuf_cottage, uniq_terence, uniq_sigmund

Skill      XL: |  1  2  3 |
---------------+----------+-----
Conjurations   | 1 2 |  2.9
Transmutations | 1 |  1.5
Dodging        | |  1.5
Stealth        | |  2.1
Spellcasting   | |  2.6
Earth Magic    | |  3.6

Action                   |  1- 3 |  4- 6 || total
-------------------------+-------+-------++-------
Melee: Unarmed           |     1 |       ||     1
       Staff             |     7 |    39 ||    46
 Cast: Sandblast         |    46 |     4 ||    50
       Stone Arrow       |     2 |     5 ||     7
  Use: Potion            |       |     6 ||     6
       Scroll            |       |     3 ||     3
Armor: Robe              |     4 |    12 ||    16
       Skin              |       |    10 ||    10
Dodge: Dodged            |    11 |    21 ||    32

Table legend: (Time is in decaauts)
 A = Elapsed time spent in this place.
 B = Non-inter-level travel time spent in this place.
 C = Inter-level travel time spent in this place.
 D = Time resting spent in this place.
 E = Time spent auto-exploring this place.
 F = Levels seen in this place.
 G = Mean time per level.
                   A        B        C        D        E       F      G
               +--------+--------+--------+--------+--------+-----+--------+
         Total |   2837 |   2683 |    154 |    433 |   1880 |   3 |  945.7 |
       Dungeon |   2837 |   2683 |    154 |    433 |   1880 |   3 |  945.7 |
               +--------+--------+--------+--------+--------+-----+--------+

Top non-repeatable levels by time:
     D:2: 1060 daAuts
     D:3: 1025 daAuts
     D:1: 750 daAuts
